 Dungeon Crawl Stone Soup version 0.24-a0-479-g9a978d2894 (webtiles) character file.

Game seed: 2489802562685722724

27 pk666 the Magician (level 2, -4/15 HPs)
             Began as a Deep Elf Wizard on July 8, 2019.
             Slain by a worm (10 damage)
             ... on level 2 of the Dungeon.
             The game lasted 00:01:28 (1524 turns).

pk666 the Magician (Deep Elf Wizard)                Turns: 1524, Time: 00:01:29

Health: -4/15      AC:  2    Str:  4    XL:     2   Next: 93%
Magic:  0/9        EV: 13    Int: 22    God:
Gold:   49         SH:  0    Dex: 13    Spells: 9/10 levels left

rFire    . . .     SeeInvis .   l - +0 dagger
rCold    . . .     Gourm    .   (no shield)
rNeg     . . .     Faith    .   a - +0 robe
rPois    .         Spirit   .   b - +0 hat
rElec    .         Reflect  .   (no cloak)
rCorr    +         Harm     .   (no gloves)
MR       .....                  (no boots)
Stlth    ++........             (no amulet)
HPRegen  0.05/turn              e - ring of resist corrosion
MPRegen  0.11/turn              j - ring of flight

@: no status effects
A: no striking features
a: Evoke Flight


You were on level 2 of the Dungeon.
You were near starving.

You visited 1 branch of the dungeon, and saw 2 of its levels.

You collected 49 gold pieces.

Inventory:

Hand Weapons
 l - a +0 dagger (weapon)
Armour
 a - a +0 robe (worn)
 b - a +0 hat (worn)
Jewellery
 e - a ring of resist corrosion (left hand)
 j - a ring of flight (right hand)
Scrolls
 c - a scroll of identify {unknown}
 f - a scroll of remove curse {unknown}
 k - a scroll of magic mapping {unknown}
Potions
 g - a potion of ambrosia {unknown}
 h - a potion of flight {unknown}
 i - 2 potions of magic {unknown}
 m - a potion of brilliance {unknown}
Comestibles
 d - 3 rations


   Skills:
 + Level 3.1 Dodging
 - Level 2.4 Stealth
 + Level 4.9 Spellcasting
 + Level 2.0 Conjurations
   Level 1.1 Summonings
   Level 1.1 Translocations


You had 9 spell levels left.
You knew the following spells:

 Your Spells              Type           Power        Failure   Level  Hunger
a - Magic Dart            Conj           ##..         4%          1    None

Your spell library contained the following spells:

 Spells                   Type           Power        Failure   Level  Hunger
 Blink                    Tloc           N/A          10%         2    None
 Call Imp                 Summ           ##......     10%         2    None
 Slow                     Hex            #.......     16%         2    None
 Conjure Flame            Conj/Fire      ##......     21%         3    ##.....
 Mephitic Cloud           Conj/Pois/Air  #.......     22%         3    ##.....


Dungeon Overview and Level Annotations

Branches:
Dungeon (2/15)

Altars:
Hepliaklqana
Xom


Message History

Casting: Magic Dart (safe; 4% risk of failure)
Confirm with . or Enter, or press ? or * to list all spells.
You don't have enough magic to cast that spell.
Casting: Magic Dart (safe; 4% risk of failure)
Confirm with . or Enter, or press ? or * to list all spells.
You don't have enough magic to cast that spell.
Casting: Magic Dart (safe; 4% risk of failure)
Confirm with . or Enter, or press ? or * to list all spells.
You don't have enough magic to cast that spell.
Casting: Magic Dart (safe; 4% risk of failure)
Confirm with . or Enter, or press ? or * to list all spells.
You don't have enough magic to cast that spell.
Casting: Magic Dart (safe; 4% risk of failure)
Confirm with . or Enter, or press ? or * to list all spells.
You don't have enough magic to cast that spell.
You hit the worm.
The worm is almost dead.
The worm bites you!
Ouch! That really hurt!
You die...

#.##..# ###.#...#
##.#.#.#.#
##..#.#<#.#
##..†)..##.#
###+####....#.....#
#....?#.....#.#.###
#..=..#....##.....#
+.!.)w@...###.#...#
#../..#..## #.#...#
#....†#.## #.#...#
###+##### #.#...#
..... .....#


You could see a worm.

Vanquished Creatures
  2 leopard geckos (D:1)
  3 bats (D:1)
  4 hobgoblins
  2 kobolds (D:2)
  3 frilled lizards (D:1)
  4 goblins (D:1)
  6 rats
24 creatures vanquished.

Notes
Turn   | Place    | Note
-------+----------+-------------------------------------------
     0 | D:1      | pk666 the Deep Elf Wizard began the quest for the Orb.
     0 | D:1      | Reached XP level 1. HP: 10/10 MP: 7/7
     1 | D:1      | Found a hazy altar of Hepliaklqana.
   242 | D:1      | Reached XP level 2. HP: 15/15 MP: 4/9
   754 | D:1      | Found a shimmering altar of Xom.
  1524 | D:2      | Slain by a worm

Levels and vault maps discovered:
D:1:      sevenhm_arrival_forest_fort_small_6, layout_basic, xom_teletrap_fun
D:2:      layout_basic, marbit_many_paths, minmay_quadrilaterals

Skill      XL: |  1  2 |
---------------+-------+-----
Dodging        | 3 |  3.1
Conjurations   | 2 |  2.0
Stealth        | |  2.4
Spellcasting   | |  4.9
Summonings     | |  1.1
Translocations | |  1.1

Action                   || total
-------------------------++-------
Melee: Dagger            ||     1
 Cast: Magic Dart        ||    63
Dodge: Dodged            ||     3

Table legend:
 A = Non-vault XP
 B = Vault XP
 C = Vault XP percentage of total XP
 D = Non-vault monster count
 E = Vault monster count
 F = Vault count percentage of total count
                 A         B        C        D         E       F
            +---------+---------+-------+---------+---------+-------
      Total |      33 |       6 |  15.4 |      20 |       4 |  16.7
            +---------+---------+-------+---------+---------+-------
        D:1 |      31 |       0 |   0.0 |      19 |       0 |   0.0
        D:2 |       2 |       6 |  75.0 |       1 |       4 |  80.0
            +---------+---------+-------+---------+---------+-------
